 Dungeon Crawl Stone Soup version 0.28.0 (webtiles) character file.

Game seed: 2435928660433784996

14 Krehm the Sneak (level 2, -3/14 HPs)
             Began as a Spriggan Enchanter on Feb 16, 2022.
             Succumbed to a goblin's poison
             ... on level 1 of the Dungeon.
             The game lasted 00:05:34 (870 turns).

Krehm the Sneak (Spriggan Enchanter)                 Turns: 870, Time: 00:05:35

Health: -3/14      AC:  2    Str:  4    XL:     2   Next: 31%
Magic:  6/6        EV: 17    Int: 16    God:
Gold:   14         SH:  0    Dex: 15    Spells: 6/6 levels left

rFire   . . .      SeeInvis +   a - +1 dagger
rCold   . . .      Faith    .   (no shield)
rNeg    . . .      Spirit   .   b - +0 robe
rPois   .          Reflect  .   (helmet restricted)
rElec   .          Harm     .   (no cloak)
rCorr   .          Rampage  .   (gloves unavailable)
Will    .....                   (boots unavailable)
Stlth   +++.......              (no amulet)
HPRegen 0.04/turn               (no ring)
MPRegen 0.10/turn               (no ring)

@: lethally poisoned (-3 -> -25), invisible, very quick
A: very small, no large weapons, unfitting armour, see invisible, speed 3
a: no special abilities


You were on level 1 of the Dungeon.
You visited 1 branch of the dungeon, and saw 1 of its levels.

You collected 14 gold pieces.

Inventory:

Hand Weapons
 a - a +1 dagger (weapon)
Missiles
 e - 5 stones (quivered)
Armour
 b - a +0 robe (worn)
Scrolls
 d - a scroll of magic mapping {unknown}
 f - a scroll of blinking {unknown}


   Skills:
 + Level 1.2 Fighting
 - Level 1.1 Short Blades
 - Level 2.6 Dodging
 - Level 5.0 Stealth
 - Level 2.6 Spellcasting
 - Level 3.6 Hexes


You had 6 spell levels left.
You didn't know any spells.
Your spell library contained the following spells:

 Spells                   Type           Power      Damage    Failure   Level
 Confusing Touch          Hex            13%        N/A       13%         3
 Tukima's Dance           Hex            13%        N/A       13%         3
 Ensorcelled Hibernation  Hex/Ice        14%        N/A       14%         2
 Dazzling Flash           Conj/Hex       14%        N/A       28%         3


Dungeon Overview and Level Annotations

Branches:
Dungeon (1/15)

Altars:


Innate Abilities, Weirdness & Mutations

You are very small and have problems with some larger weapons.
You are too small for most types of armour.
You have supernaturally acute eyesight. (SInv)
You cover ground extremely quickly. (Speed+++)


Message History

You hit the bat but do no damage.
The bat is severely wounded.
The bat closely misses you.
You closely miss the bat.
The bat is severely wounded.
The bat completely misses you. The bat hits you but does no damage.
You hit the bat.
You kill the bat!
A kobold comes into view. It is wielding a +0 dagger.
Found 17 gold pieces.
Found 11 gold pieces.
The kobold shouts!
You hear a shout! x2
A goblin comes into view. It is wielding a +0 dagger of venom.
You start waiting.
A kobold is nearby!
You hit the kobold but do no damage. The kobold hits you with a +0 dagger.
You hit the kobold but do no damage. The kobold misses you.
You hit the kobold but do no damage. The kobold hits you with a +0 dagger.
You closely miss the kobold. The kobold hits you with a +0 dagger.
You hit the kobold.
The kobold is severely wounded.
The kobold barely misses you.
You hit the kobold.
You kill the kobold!
You closely miss the goblin. The goblin closely misses you.
You hit the goblin but do no damage. The goblin barely misses you.
You hit the goblin.
The goblin is heavily wounded.
The goblin hits you with a +0 dagger of venom.
* * * LOW HITPOINT WARNING * * *
You are lethally poisoned!
A hobgoblin comes into view.
You fade into invisibility!
* * * LOW HITPOINT WARNING * * *
You feel very sick. The goblin hits you but does no damage.
You are more poisoned.
You hit the goblin.
You kill the goblin!
You die...

#..≈≈ ....#§≈≈≈.§
#.§§##..# §≈≈≈§#
#..##.# ###≈≈≈.§##
#...####≈≈§≈..$.$
#....≈≈≈≈≈§.K...g
#.#........#
#.#.....g###
#"######)####### #.#
#.@......# #.#
#..#####.. #.# #..#
#.# #.[# ##.## #..#
##.#.####..#
###.###.#....# #..##
##..##.#
#.#.###.#.##.#######
#


You could see a hobgoblin.

Vanquished Creatures
  A dart slug (D:1)
  A giant cockroach (D:1)
  2 goblins (D:1)
  A hobgoblin (D:1)
  A quokka (D:1)
  2 ball pythons (D:1)
  2 bats (D:1)
  2 kobolds (D:1)
12 creatures vanquished.

Notes
Turn   | Place    | Note
-------+----------+-------------------------------------------
     0 | D:1      | Krehm the Spriggan Enchanter began the quest for the Orb.
     0 | D:1      | Reached XP level 1. HP: 9/9 MP: 5/5
   469 | D:1      | Reached skill level 1 in Fighting
   469 | D:1      | Reached skill level 5 in Stealth
   469 | D:1      | Reached XP level 2. HP: 14/14 MP: 6/6
   870 | D:1      | Succumbed to a goblin's poison

Illustrated notes

Levels and vault maps discovered:
D:1:      dpeg_arrival_prison, layout_loops_ring, chequers_garden,
          grunt_decor_junction

Skill      XL: |  1 |
---------------+----+-----
Fighting       | 1 |  1.2
Stealth        | 5 |  5.0
Short Blades   | |  1.1
Dodging        | |  2.6
Spellcasting   | |  2.6
Hexes          | |  3.6

Action                   || total
-------------------------++-------
Melee: Dagger            ||    57
  Use: Potion            ||     1
 Stab: Sleeping          ||     3
Armor: Robe              ||     6
Dodge: Dodged            ||    42
